 Dungeon Crawl Stone Soup version 0.30-a0-824-g6c64550be9 (webtiles) character file.

Game seed: 9848221789125668848

172 cforsyth the Sneak (level 5, 0/32 HPs)
             Began as a Kobold Brigand on Feb 28, 2023.
             Killed from afar by an orc wizard (13 damage)
             ... with a puff of flame
             ... on level 5 of the Dungeon.
             The game lasted 00:04:08 (3363 turns).

cforsyth the Sneak (Kobold Brigand)                 Turns: 3363, Time: 00:04:09

Health: 0/32       AC:  8    Str:  9    XL:     5   Next: 82%
Magic:  5/5        EV: 15    Int: 12    God:
Gold:   150        SH:  0    Dex: 18    Spells: 4/4 levels left

rFire   . . .      SeeInvis .    a - +2 dagger
rCold   . . .      Faith    .    (no shield)
rNeg    . . .      Spirit   .    x - +3 leather armour
rPois   .          Reflect  .    (no helmet)
rElec   .          Harm     .    c - +0 cloak
rCorr   .          Rampage  .    j - +0 pair of gloves
Will    .....                    (no boots)
Stlth   ++++                     (no amulet)
HPRegen 0.25/turn                (no ring)
MPRegen 0.09/turn                (no ring)

@: no status effects
A: small, no large weapons, nightstalker 3
a: no special abilities


You were on level 5 of the Dungeon.
You visited 1 branch of the dungeon, and saw 5 of its levels.

You collected 150 gold pieces.

Inventory:

Hand Weapons
 a - a +2 dagger (weapon)
Missiles
 d - 18 poisoned darts (quivered)
 e - 3 curare-tipped darts
 y - 2 datura-tipped darts
Armour
 b - a +0 robe
 c - a +0 cloak (worn)
 j - a +0 pair of gloves (worn)
 x - a +3 leather armour (worn)
Wands
 t - a wand of polymorph (9)
 w - a wand of roots (7)
Scrolls
 f - a scroll of immolation {unknown}
 g - 3 scrolls of identify {unknown}
 k - a scroll of blinking {unknown}
 m - a scroll of noise {unknown}
 n - 2 scrolls of enchant weapon {unknown}
 o - a scroll of amnesia {unknown}
 u - a scroll of acquirement {unknown}
 v - a scroll of silence {unknown}
Potions
 h - a potion of curing
 i - a potion of resistance
 l - a potion of heal wounds {unknown}
 p - 2 potions of degeneration {unknown}
 q - a potion of berserk rage {unknown}
 r - 2 potions of attraction {unknown}
 s - a potion of might {unknown}


   Skills:
 + Level 3.5 Fighting
 + Level 4.3 Short Blades
 - Level 2.1 Throwing
 + Level 3.1 Dodging
 + Level 6.4 Stealth


You had 4 spell levels left.
You didn't know any spells.
Your spell library contained the following spells:

 Spells                   Type           Power      Damage    Failure   Level
 Beastly Appendage        Tmut           0%         N/A       43%         1
 Slow                     Hex            0%         N/A       43%         1
 Blink                    Tloc           0%         N/A       56%         2
 Lesser Beckoning         Tloc           0%         N/A       56%         2
 Momentum Strike          Conj/Tloc      0%         3d8       56%         2
 Wereblood                Tmut           0%         N/A       56%         2
 Confusing Touch          Hex            0%         N/A       80%         3
 Spider Form              Tmut/Pois      0%         N/A       80%         3
 Vampiric Draining        Necr           0%         2d6       80%         3


Dungeon Overview and Level Annotations

Branches:
Dungeon (5/15)
 Temple: D:4-7

Altars:
Okawaru
Wu Jian
Zin


Innate Abilities, Weirdness & Mutations

You are small and have problems with some larger weapons.
You are completely attuned to the shadows.


Message History

Something hits you.
The orc wizard gestures wildly while chanting.
The orc wizard flickers and vanishes!
Something hits you.
You climb downwards.
Reactivating autopickup.
There is a stone staircase leading up here.
You bump into the rock wall.
Something hits you but does no damage.
Deactivating autopickup; reactivate with Ctrl-A.
Something hits you but does no damage.
You bump into the rock wall.
Something hits you. Something hits you but does no damage.
You bump into the rock wall.
You feel less confused. Something hits you.
You miss something. Something hits you but does no damage.
You hit something.
Something hits you but does no damage. x2
You barely miss something. Something hits you but does no damage.
You closely miss something. Something hits you.
You closely miss something. Something hits you but does no damage.
You hit something. Something hits you but does no damage.
You closely miss something. Something hits you but does no damage.
You miss something.
You hear some strange, mumbled words.
Something tries to affect you, but you resist.
You hit something.
You hear some strange, mumbled words.
A puff of flame appears from out of thin air!
The puff of flame misses you.
You hit something. Something hits you but does no damage.
You barely miss something. Something hits you.
You miss something. Something completely misses you.
You barely miss something.
You hear some strange, mumbled words.
A puff of flame appears from out of thin air!
The puff of flame hits you.
You hit something but do no damage.
You hear some strange, mumbled words.
A puff of flame appears from out of thin air!
The puff of flame hits you!
You die...

#.. #..#
.# #..##.#
..
#..##.##..
#..)......
#.)<{....#
#####@###
#.....
######


There were no monsters in sight!

Vanquished Creatures
  An orc priest (D:4)
  Ijyb (D:3)
  4 adders
  2 worms
  5 dart slugs
  3 orcs
  4 bats
  4 endoplasms
  7 goblins
  7 hobgoblins
  4 quokkas
  6 ball pythons
  3 frilled lizards
  7 kobolds
  6 rats
64 creatures vanquished.

Notes
Turn   | Place    | Note
-------+----------+-------------------------------------------
     0 | D:1      | cforsyth the Kobold Brigand began the quest for the Orb.
     0 | D:1      | Reached XP level 1. HP: 12/12 MP: 1/1
   147 | D:1      | Reached XP level 2. HP: 16/18 MP: 2/2
   519 | D:1      | Reached XP level 3. HP: 22/22 MP: 3/3
  1691 | D:2      | Found an iron altar of Okawaru.
  1989 | D:3      | Reached XP level 4. HP: 27/27 MP: 4/4
  2267 | D:3      | Reached skill level 6 in Stealth
  2621 | D:3      | Found a glowing silver altar of Zin.
  2621 | D:3      | Found an ornate altar of the Wu Jian Council.
  2709 | D:3      | Noticed Ijyb
  2713 | D:3      | Killed Ijyb
  2714 | D:3      | Reached XP level 5. HP: 32/32 MP: 5/5
  3316 | D:5      | Entered Level 5 of the Dungeon
  3363 | D:5      | Killed from afar by an orc wizard

Illustrated notes

Levels and vault maps discovered:
D:1:      spicycebolla_arrival_risky_transporter, layout_loops_ring
D:2:      layout_loops_corners, basic_altar
D:3:      minmay_skewed_foursquare, layout_loops_ring,
          gammafunk_temple_overflow_pools, uniq_ijyb
D:4:      layout_cave_pools
D:5:      layout_loops_corners, nicolae_ru_path_of_blood,
          minmay_temple_entry_offerings, serial_shops, shop_fountains,
          gammafunk_ghost_smash, uniq_menkaure

Skill      XL: |  1  2  3  4  5 |
---------------+----------------+-----
Short Blades   | 3 4 |  4.3
Dodging        | 2 3 |  3.1
Fighting       | 3 |  3.5
Stealth        | 6 |  6.4
Throwing       | |  2.1

Action                     |  1- 3 |  4- 6 || total
---------------------------+-------+-------++-------
  Melee: Dagger            |    67 |   129 ||   196
         Punch             |     2 |       ||     2
    Use: Potion            |       |     1 ||     1
   Stab: Sleeping          |    23 |    14 ||    37
 Armour: Robe              |     5 |    10 ||    15
         Leather armour    |       |    29 ||    29
  Dodge: Dodged            |    20 |   114 ||   134

Table legend: (Time is in decaauts)
 A = Elapsed time spent in this place.
 B = Non-inter-level travel time spent in this place.
 C = Inter-level travel time spent in this place.
 D = Time resting spent in this place.
 E = Time spent auto-exploring this place.
 F = Levels seen in this place.
 G = Mean time per level.
                   A        B        C        D        E       F      G
               +--------+--------+--------+--------+--------+-----+--------+
         Total |   3330 |   3186 |    144 |    103 |   2520 |   5 |  666.0 |
       Dungeon |   3330 |   3186 |    144 |    103 |   2520 |   5 |  666.0 |
               +--------+--------+--------+--------+--------+-----+--------+

Top non-repeatable levels by time:
     D:3: 1056 daAuts
     D:2: 1024 daAuts
     D:1: 895 daAuts
     D:4: 322 daAuts
     D:5: 31 daAuts
